AoeStats
← NDF

Arabia

509515582Analyzed
1v1 RM · 4d ago on Sep 27, 2026· 45m 16s· 2 players
Game mode
Random Map
Map size
Tiny (2 player)
Population
200
Speed
Normal
Resources
Standard
Victory
Conquest
Starting age
Dark Age
Ending age
Imperial Age
RankedLock teamsTeams togetherTeam positionsShared explorationLock speedFull tech treeHidden civsTurbo modeCheats
Victory
Defeat
🇺🇸 Byzantines · United States
664
+13
🇦🇷 Teutons · Argentina
605
-13
NDF
2:38 Loom
11:38 Feudal Age
14:01 Man-at-Arms
19:50 Bloodlines
23:07 Castle Age
21:03 Horse Collar
21:29 Double-Bit Axe
22:46 Gold Mining
24:36 Crossbowman
27:10 Bow Saw
27:55 Stone Mining
29:41 Arson
29:56 Squires
29:17 Pikeman
34:52 Forging
34:45 Scale Mail Armor
35:47 Heavy Plow
40:09 Imperial Age
40:47 Iron Casting
40:14 Padded Archer Armor
40:05 Fletching
43:16 Hoardings
43:29 Cavalier
43:44 Capped Ram
Vastdefender
11:28 Feudal Age
10:38 Loom
11:54 Double-Bit Axe
11:51 Horse Collar
13:15 Gold Mining
16:45 Forging
17:02 Scale Barding Armor
16:59 Scale Mail Armor
17:27 Gold Mining
23:15 Castle Age
24:06 Wheelbarrow
24:30 Bow Saw
24:35 Pikeman
26:49 Iron Casting
26:20 Scale Barding Armor
26:28 Bow Saw
26:50 Hand Cart
27:18 Stone Mining
38:13 Imperial Age
38:10 Chain Barding Armor
38:23 Cavalier
39:55 Capped Ram
44:02 Siege Ram
Connection lost

Rejoining the realm…

Still unreachable

The connection could not be restored.

Session expired

The server has moved on; the page needs a fresh start.